 Dungeon Sprint DCSS version 0.17-a0-1731-g129c023 (webtiles) character file.

139 kosy22 the Skirmisher (level 5, -22/57 HPs)
             Began as a Troll Fighter on Aug 29, 2015.
             Was a Follower of the Shining One.
             Annihilated by a hill giant
             ... wielding a +0 giant club
              (34 damage)
             ... in the Dungeon (Sprint IX: "|||||||||||||||||||||||||||||").
             The game lasted 00:03:00 (143 turns).

kosy22 the Skirmisher (Troll Fighter)                Turns: 143, Time: 00:03:01

Health: -22/57     AC:  5    Str: 25    XL:     5   Next: 1%
Magic:  4/4        EV: 10    Int:  4    God:    the Shining One [*.....]
Gold:   0          SH:  9    Dex:  9    Spells: 0 memorised, 4 levels left

rFire  . . .     SeeInvis .     o - +1 broad axe (chop)
rCold  . . .     Clarity  .     a - +0 robe
rNeg   . . .     SustAt   .     b - +0 shield
rPois  .         Gourm    +     (helmet restricted)
rElec  .         Spirit   .     (no cloak)
rCorr  .         Warding  .     (gloves unavailable)
rMut   .         NoTele   +     (boots unavailable)
MR     .....                    (no amulet)
Stlth  +.........               (no ring)
                                (no ring)

@: glowing, not resistant to hostile enchantments, very unstealthy
A: unfitting armour, claws 3, fast metabolism 3, gourmand, regeneration 2,
shaggy fur 1, tough skin 2
a: Renounce Religion


You were in the Dungeon.
You worshipped the Shining One.
The Shining One was aware of your devotion.
You were not hungry.

You visited 1 branch

Inventory:

Hand weapons
 o - a +1 broad axe of chopping (weapon)
 p - a +2 halberd of protection
 q - a +4 quarterstaff of protection
 r - a +2 rapier of distortion
 s - a +2 scimitar of holy wrath
Armour
 a - a +0 robe (worn)
 b - a +0 shield (worn)
Jewellery
 t - a +2 ring of protection
 u - a +3 ring of strength
Magical devices
 n - a wand of cold (7)
Scrolls
 j - 2 scrolls of blinking
 l - 3 scrolls of remove curse
 m - 2 scrolls of amnesia
Potions
 c - a potion of might
 e - 5 potions of curing
 f - 3 potions of heal wounds
 g - a potion of haste
 h - 4 potions of magic
 i - a potion of berserk rage
 k - a potion of invisibility
Comestibles
 d - 2 bread rations


   Skills:
 + Level 5.1 Fighting
 + Level 5.1 Dodging
 + Level 5.0 Shields
 + Level 4.0 Unarmed Combat


You had 4 spell levels left.
You didn't know any spells.

Dungeon Overview and Level Annotations

Branches:
Dungeon (1/1)

Altars:
Cheibriados
Dithmenos
Elyvilon
Fedhas
Gozag
Kikubaaqudgha
Makhleb
Nemelex Xobeh
Okawaru
Qazlal
Ru
Sif Muna
Trog
Vehumet
Xom
Yredelemnul
Zin
The Shining One
Beogh
Jiyva
Lugonu


Innate Abilities, Weirdness & Mutations

You are too large for most types of armour.
You have claws for hands.
Your metabolism is lightning-fast.
You like to eat raw meat.
You heal very quickly.
You are covered in fur (AC +1).
You have very tough skin (AC +2).


Message History

There is an open door to the Dungeon here.
You slash the centaur!
The centaur is moderately wounded.
The centaur barely misses you. You block the centaur's attack.
You hit the hill giant.
The hill giant is lightly wounded.
The hill giant hits you with a giant club!!
Ouch! That really hurt!
You slash the hill giant!
The hill giant is moderately wounded.
The hill giant hits you with a giant club!
* * * LOW HITPOINT WARNING * * *
You hit the hill giant.
The hill giant is moderately wounded.
The hill giant barely misses you.
You slash the hill giant!
The hill giant is heavily wounded.
The hill giant hits you with a giant club!!
Ouch! That really hurt!
You die... ▓▓▓▓▓▓▓▓▓▓▓▓▓▓▓▓▓▓▓▓▓▓▓▓ ______'..|)[[[.(@CcZlzl+ ▓▓▓▓▓▓▓▓▓▓▓▓▓▓▓▓▓▓▓▓▓▓▓▓

You could see a hill giant, a centaur, an iguana, a wight, a giant gecko and an adder skeleton.

Vanquished Creatures
  2 scorpions (D)
  A worker ant (D)
  An adder zombie (D)
  A giant gecko (D)
  A hobgoblin (D)
  2 kobolds (D)
  2 goblins (D)
10 creatures vanquished.

Notes
Turn   | Place    | Note
--------------------------------------------------------------
     0 | D        | kosy22 the Troll Fighter began the quest for the Orb.
     0 | D        | Reached XP level 1. HP: 22/22 MP: 0/0
    15 | D        | Reached skill level 3 in Fighting
    21 | D        | Noticed a scorpion
    21 | D        | Noticed a scorpion
    21 | D        | Noticed a worker ant
    24 | D        | Reached XP level 2. HP: 31/31 MP: 1/1
    30 | D        | Killed a scorpion
    30 | D        | Reached skill level 4 in Fighting
    30 | D        | Reached XP level 3. HP: 31/39 MP: 2/2
    38 | D        | Killed a scorpion
    38 | D        | Reached XP level 4. HP: 38/49 MP: 3/3
    43 | D        | Killed a worker ant
    43 | D        | Reached skill level 5 in Fighting
    43 | D        | Reached skill level 5 in Dodging
    43 | D        | Reached XP level 5. HP: 45/57 MP: 4/4
    46 | D        | Reached skill level 5 in Shields
    53 | D        | Found a glowing silver altar of Zin.
    53 | D        | Found a glowing golden altar of the Shining One.
    53 | D        | Found an ancient bone altar of Kikubaaqudgha.
    53 | D        | Found a basalt altar of Yredelemnul.
    53 | D        | Found a shimmering altar of Xom.
    53 | D        | Found a radiant altar of Vehumet.
    54 | D        | Found an iron altar of Okawaru.
    55 | D        | Found a burning altar of Makhleb.
    56 | D        | Found a deep blue altar of Sif Muna.
    57 | D        | Found a bloodstained altar of Trog.
    58 | D        | Found a sparkling altar of Nemelex Xobeh.
    59 | D        | Found a white marble altar of Elyvilon.
    60 | D        | Found a roughly hewn altar of Beogh.
    61 | D        | Found a viscous altar of Jiyva.
    62 | D        | Found a corrupted altar of Lugonu.
    69 | D        | Found a blossoming altar of Fedhas.
    70 | D        | Found a snail-covered altar of Cheibriados.
    71 | D        | Found a shadowy altar of Dithmenos.
    72 | D        | Found a stormy altar of Qazlal.
    73 | D        | Found an opulent altar of Gozag.
    74 | D        | Found a sacrificial altar of Ru.
    99 | D        | Became a worshipper of the Shining One
   137 | D        | Noticed a centaur
   137 | D        | Noticed a hill giant
   137 | D        | Acquired the Shining One's first power
   137 | D        | Noticed a wight
   137 | D        | Noticed an iguana
   143 | D        | Annihilated by a hill giant

Vault maps used:
D:        linesprint

Action                   |  1- 3 |  4- 6 || total
-------------------------+-------+-------++-------
Melee: Unarmed           |    27 |     8 ||    35
       Broad axe         |       |     5 ||     5
